 Dungeon Crawl Stone Soup version 0.16-a0-4097-gb4d75fa (webtiles) character file.

1759 Chiseanne the Thaumaturge (level 8, 0/52 HPs)
             Began as a Mummy Earth Elementalist on Feb 25, 2015.
             Slain by an orc
             ... wielding a +0 hand axe
              (2 damage)
             ... on level 6 of the Dungeon.
             The game lasted 00:28:38 (16760 turns).

Chiseanne the Thaumaturge (MuEE)                   Turns: 16760, Time: 00:28:38

Health: 0/52       AC:  5    Str: 11    XL:     8   Next: 79%
Magic:  4/24       EV: 15    Int: 16    God:
Gold:   269        SH:  0    Dex: 12    Spells: 5 memorised, 8 levels left

rFire  x . .     SeeInvis .     a - +7 Screaming Sword
rCold  + . .     Clarity  .     c - +1 robe
rNeg   + + +     SustAb   .     (no shield)
rPois  ∞         Gourm    .     (no helmet)
rElec  .         Spirit   .     (no cloak)
rCorr  +         Warding  .     n - +1 pair of gloves
rMut   .         Stasis   .     (no boots)
MR     +....                    j - amulet of resist corrosion
Stlth  ++........               (no ring)
                                m - +3 ring of evasion

@: somewhat resistant to hostile enchantments, unstealthy
A: no food or potions, fire vulnerability, restore body, cold resistance 1,
negative energy resistance 3, poison resistance, torment resistance, unbreathing
a: no special abilities


You were on level 6 of the Dungeon.
You were not hungry.

You visited 1 branch of the dungeon, and saw 6 of its levels.
You also visited: Sewer.

You collected 269 gold pieces.

Inventory:

Hand weapons
 a - the +7 Screaming Sword (weapon)
   (You found it on level 4 of the Dungeon)
Missiles
 b - 155 stones (quivered)
 g - 15 sling bullets
 h - 24 poisoned needles
 i - 8 tomahawks
 k - 23 arrows
 l - 2 throwing nets
Armour
 c - a +1 robe (worn)
 n - a +1 pair of gloves (worn)
Jewellery
 j - an amulet of resist corrosion (around neck)
 m - a +3 ring of evasion (left hand)
Magical devices
 o - a wand of disintegration (1)
Scrolls
 e - a scroll of magic mapping
 f - 4 scrolls of identify
 p - a scroll of amnesia
Books
 d - a book of Geomancy

   Spells                             Type                      Level
   a - Sandblast                      Earth                        1
   b - Stoneskin                      Transmutation/Earth          2
   c - Passwall                       Transmutation/Earth          3
   d - Stone Arrow                    Conjuration/Earth            3
   e - Petrify                        Transmutation/Earth          4
   f - Lee's Rapid Deconstruction     Earth                        5


   Skills:
 - Level 1.5 Dodging
 - Level 1.5 Stealth
 * Level 8.5 Spellcasting
 * Level 4.8 Conjurations
 - Level 0.7 Transmutations
 - Level 3.7 Earth Magic


You had 8 spell levels left.
You knew the following spells:

 Your Spells              Type           Power        Failure   Level  Hunger
a - Sandblast             Erth           ###...       2%          1    N/A
b - Stone Arrow           Conj/Erth      ###...       8%          3    N/A
c - Passwall              Trmt/Erth      ##........   14%         3    N/A
d - Petrify               Trmt/Erth      ##......     50%         4    N/A
e - Lee's Rapid Deconstr  Erth           ###.......   75%         5    N/A

Dungeon Overview and Level Annotations

Branches:
Dungeon (6/15)
 Temple: D:4-7

Altars:

Annotations:
D:5 Grinder; WhatIsLove's ghost, average DgCj


Innate Abilities, Weirdness & Mutations

You do not eat or drink.
Your flesh is vulnerable to fire.
Your flesh is cold resistant.
You are immune to negative energy.
Your system is resistant to poisons.
You are immune to unholy pain and torment.
You can survive without breathing.


Message History

The adder zombie barely misses you. The worker ant zombie misses you.
The hound zombie misses you.
The worker ant zombie closely misses you.
The adder zombie bites you.
* * * LOW HITPOINT WARNING * * *
You hit the worker ant zombie. The hound zombie barely misses you.
The worker ant zombie misses you. The orc barely misses you.
The adder zombie misses you.
The worker ant zombie bites you but does no damage.
The hound zombie completely misses you.
The worker ant zombie barely misses you.
You slash the worker ant zombie!
You destroy the worker ant zombie!
The hound zombie closely misses you. The adder zombie bites you.
* * * LOW HITPOINT WARNING * * *
The orc barely misses you.
The worker ant zombie closely misses you.
The hound zombie bites you but does no damage.
The adder zombie misses you. The orc hits you with a hand axe.
You die...

..########
#'###.......#
#...#.......#
+...'.......#
#..†#.....<.#
..
#)..#.......#
...
#...#########
#.!.%#..ZZ#
..8.8...)@#
....P.%.Zo#
.......†.b#
.....#....#
..§##....#
.>§+...[.#
#.....#
#.....#
#.....#


You could see an orc, an adder zombie, a hound zombie, a worker ant zombie and a
bat.

Vanquished Creatures
  An ice beast (D:4)
  A phantom (D:4)
  An orc warrior (D:6)
  A crocodile (Sewer)
  3 ogres (D:4)
  A killer bee (D:5)
  6 scorpions (D:4)
  2 giant frog zombies
  3 orc priests
  3 orc wizards
  A centaur skeleton (D:4)
  4 worker ants
  2 iguanas
  A hound skeleton (D:4)
  A worker ant zombie (D:6)
  10 gnolls
  10 adders
  4 giant mites (D:4)
  6 worms
  3 oozes (D:3)
  7 orcs
  8 giant cockroaches
  15 goblins
  12 hobgoblins
  6 jackals
  15 kobolds
  3 quokkas
  4 ball pythons
  22 bats
  4 giant geckos
  6 giant newts
  13 rats
  A fungus (D:4)
180 creatures vanquished.

Notes
Turn   | Place    | Note
--------------------------------------------------------------
     0 | D:1      | Chiseanne, the Mummy Earth Elementalist, began the quest for the Orb.
     0 | D:1      | Reached XP level 1. HP: 13/13 MP: 3/3
   324 | D:1      | Reached XP level 2. HP: 4/19 MP: 1/4
  1599 | D:1      | Reached skill level 3 in Earth Magic
  1696 | D:1      | Reached XP level 3. HP: 24/24 MP: 3/6
  1729 | D:1      | Learned a level 3 spell: Stone Arrow
  2349 | D:1      | Learned a level 3 spell: Passwall
  7053 | D:1      | Noticed a hungry ghost
  7646 | D:2      | Reached XP level 4. HP: 30/30 MP: 5/9
  8951 | D:3      | Reached XP level 5. HP: 32/35 MP: 4/12
  9324 | D:3      | Reached skill level 4 in Spellcasting
 12177 | D:2      | Reached XP level 6. HP: 35/41 MP: 9/16
 12483 | D:4      | Found a glowing drain.
 12492 | Sewer    | Entered a sewer
 12503 | Sewer    | Reached skill level 5 in Spellcasting
 13113 | D:4      | Learned a level 4 spell: Petrify
 13119 | D:4      | Learned a level 5 spell: Lee's Rapid Deconstruction
 13610 | D:4      | Reached skill level 1 in Conjurations
 13876 | D:4      | Reached skill level 6 in Spellcasting
 13876 | D:4      | Reached XP level 7. HP: 39/46 MP: 6/20
 15079 | D:4      | Reached skill level 7 in Spellcasting
 15370 | D:4      | Reached XP level 8. HP: 52/52 MP: 16/23
 15608 | D:5      | Entered Level 5 of the Dungeon
 16215 | D:4      | Reached skill level 8 in Spellcasting
 16481 | D:5      | Noticed Grinder
 16702 | D:5      | Noticed WhatIsLove's ghost (average DgCj)
 16758 | D:6      | HP: 2/52 [adder zombie (2)]
 16760 | D:6      | Slain by an orc

Action                   |  1- 3 |  4- 6 |  7- 9 || total
-------------------------+-------+-------+-------++-------
Melee: Club              |    17 |       |       ||    17
       Whip              |    37 |     3 |       ||    40
       Mace              |       |    22 |    20 ||    42
       Double sword      |       |       |    45 ||    45
Throw: Stone             |     1 |     3 |     1 ||     5
 Cast: Sandblast         |   114 |   155 |     7 ||   276
       Stone Arrow       |       |    47 |   100 ||   147
Evoke: Wand              |       |       |     3 ||     3
  Use: Scroll            |     3 |     7 |     3 ||    13
 Stab: Sleeping          |     2 |     1 |     1 ||     4
       Held in net/web   |       |       |     3 ||     3
